[Event "Late-Titled-Tuesday-Blitz-January-30-2024"]
[Site "Chess.com"]
[Date "2024.01.30"]
[Round "1"]
[White "GAO"]
[Black "DeTimmerman"]
[Result "0-1"]
[WhiteElo "2384"]
[BlackElo "2684"]
[TimeControl "180+1"]
[EndTime "14:05:04 PST"]
[Termination "DeTimmerman won by resignation"]

1. Nf3 Nf6 2. d4 e6 3. Bf4 d5 4. e3 Bd6 5. Bd3 O-O 6. c3 b6 7. O-O Bb7 8. Nbd2 Ne4 9. Ne5 f6 10. Nef3 Nd7 11. Qc2 f5 12. Ne5 Nxe5 13. dxe5 Be7 14.
Nxe4 fxe4 15. Be2 Qe8 16. c4 c6 17. cxd5 cxd5 18. Qc7 Bc6 19. Rac1 Bc5 20. b4 Rf7 21. Qxf7+ Kxf7 22. bxc5 b5 23. Rb1 Rb8 24. Rfc1 a5 25.
h3 b4 26. Bh6 Bb5 27. Bh5+ g6 28. Bg4 Bc4 29. Rb2 Rc8 30. a3 b3 31. Bd1 a4 32.
Be2 Rxc5 33. Bg4 Qc6 34. h4 Bd3 35. Rd1 Rc1 36. Rd2 Rxd1+ 37. Bxd1 Qc1 38. Rxd3 exd3 39.
e4 Qxh6 40. Kh2 0-1

[Event "Late-Titled-Tuesday-Blitz-January-30-2024"]
[Site "Chess.com"]
[Date "2024.01.30"]
[Round "1"]
[White "chenxiaoyuer"]
[Black "Smile2005"]
[Result "1/2-1/2"]
[WhiteElo "2759"]
[BlackElo "2450"]
[TimeControl "180+1"]
[EndTime "14:05:09 PST"]
[Termination "Game drawn by repetition"]

1. e4 c5 2. Nf3 e6 3. d4 cxd4 4. Nxd4 a6 5. Nc3 b5 6. Bd3 Bb7 7. O-O Qc7 8. Qe2 Nc6 9. Nxc6 Bxc6 10. Nd5 Qb7 11. a4 b4 12. a5 Bc5 13. Be3 Bxe3 14. Qxe3 Bxd5 15. exd5 Nf6 16. dxe6 dxe6 17. Qb6 Qxb6 18. axb6 a5 19. b7 Rb8 20. Rxa5 Ke7 21.
Rb5 Nd5 22. Be4 Rhd8 23. Bxd5 Rxd5 24. Rxb4 Rd7 25. Rb1 Rc7 26. c3 Rcxb7 27. Rxb7+ Rxb7 28. Kf1 Kd6 29. Ke2 Kc5 30. Kd3 Rd7+ 31. Kc2 Rd5 32. Ra1 Rf5 33. Ra5+ Kb6 34. Rxf5 exf5 35. c4 Kc5 36.
b4+ Kxc4 37. h4 Kxb4 38. Kd3 Kc5 39. Kc3 Kd5 40. Kd3 Ke5 41. g3 f4 42. g4 f6 43. f3 g5 44. hxg5 fxg5 45. Kc4 h6 46. Kd3 Kd5 47. Kc3 Kc5 48. Kd3 Kb4 49.
Kd4 Kb3 50. Kd3 Kb2 51. Kd2 Kb3 52. Kd3 Kb4 53. Kd4 Kb5 54. Kd5 Kb4 55. Kd4 1/2-1/2

[Event "Late-Titled-Tuesday-Blitz-January-30-2024"]
[Site "Chess.com"]
[Date "2024.01.30"]
[Round "1"]
[White "AlexeiShirov"]
[Black "vidavi"]
[Result "1-0"]
[WhiteElo "2758"]
[BlackElo "2439"]
[TimeControl "180+1"]
[EndTime "14:05:11 PST"]
[Termination "AlexeiShirov won by resignation"]

1. e4 c5 2. Nf3 Nc6 3. d4 cxd4 4. Nxd4 Nf6 5. Nc3 e5 6. Ndb5 d6 7. Nd5 Nxd5 8. exd5 Nb8 9. a4 Be7 10. Bd2 O-O 11.
a5 f5 12. c4 Nd7 13. Be2 a6 14. Nc3 Bf6 15. Na4 e4 16. Rc1 Ne5 17. Nb6 Rb8 18. b4 Bd7 19. c5 Bb5 20. Bxb5 axb5 21. O-O Nd3 22. c6 Nxc1 23. Qxc1 bxc6 24. dxc6 Rxb6 25. c7 Qa8 26. axb6 Bd4 27. Be3 Bxe3 28. Qxe3 f4 29. Qd4 Qc6 30. Rd1 e3 31. fxe3 f3 32. Qd5+ 1-0

[Event "Late-Titled-Tuesday-Blitz-January-30-2024"]
[Site "Chess.com"]
[Date "2024.01.30"]
[Round "1"]
[White "Navyblue1"]
[Black "Ajedrecista3000"]
[Result "0-1"]
[WhiteElo "2169"]
[BlackElo "2590"]
[TimeControl "180+1"]
[EndTime "14:05:14 PST"]
[Termination "Ajedrecista3000 won by resignation"]

1. d4 Nf6 2. c4 e6 3. Nf3 c5 4.
d5 b5 5. dxe6 fxe6 6. cxb5 d5 7.
e3 Bd6 8. Nc3 O-O 9. Be2 Bb7 10.
O-O Nbd7 11. b3 Qe7 12. Bb2 e5 13. Rc1 Rad8 14. Qc2 d4 15. exd4 cxd4 16. Na4 Nd5 17. Bc4 Kh8 18. Rfe1 Nf4 19. Nxd4 Qg5 20. f3 exd4 21.
Bxd4 Bxf3 22. Be3 Bxg2 23. Bxf4 Rxf4 24. Rcd1 Be4+ 0-1

[Event "Late-Titled-Tuesday-Blitz-January-30-2024"]
[Site "Chess.com"]
[Date "2024.01.30"]
[Round "1"]
[White "Hikaru"]
[Black "winniethepooh04"]
[Result "1-0"]
[WhiteElo "3290"]
[BlackElo "2543"]
[TimeControl "180+1"]
[EndTime "14:05:19 PST"]
[Termination "Hikaru won by resignation"]

1. e4 e6 2. d3 d5 3. Nd2 Nf6 4. Ngf3 Be7 5. g3 c5 6. Bg2 Nc6 7. O-O b6 8. Re1 Bb7 9. c3 Qc7 10. e5 Nd7 11. Qe2 g5 12. h3 O-O-O 13. Nf1 Rdg8 14. g4 h5 15. Ng3 hxg4 16. hxg4 Rg6 17. d4 cxd4 18. cxd4 Kb8 19. Be3 Rc8 20. Rac1 Qd8 21.
Rc2 Na5 22. Rxc8+ Bxc8 23. Rc1 Bb7 24. b3 Rg8 25. Qd2 Nc6 26. Bf1 Ba3 27. Rd1 Bb4 28. Qb2 Qe7 29. Bb5 Ba3 30. Qd2 Bb4 31. Qc1 Ba3 32. Qb1 a6 33. Bxc6 Bxc6 34. Qh7 Rg6 35. Bc1 Bxc1 36. Rxc1 Kb7 37. Qh8 Nb8 38. Nf5 exf5 39. gxf5 Qa3 40. Rc2 g4 41. fxg6 gxf3 42. g7 Qb4 43. g8=Q Qe1+ 44. Kh2 1-0

[Event "Late-Titled-Tuesday-Blitz-January-30-2024"]
[Site "Chess.com"]
[Date "2024.01.30"]
[Round "1"]
[White "Cirky"]
[Black "kleinebeer98"]
[Result "0-1"]
[WhiteElo "2486"]
[BlackElo "2860"]
[TimeControl "180+1"]
[EndTime "14:05:19 PST"]
[Termination "kleinebeer98 won on time"]

1. d4 Nf6 2. c4 a6 3. Nc3 b5 4.
cxb5 axb5 5. Nxb5 e5 6. dxe5 Ne4 7. Nc3 Bb4 8. Bd2 Bxc3 9. Bxc3 Nxc3 10. bxc3 Nc6 11.
Nf3 Qe7 12. e3 Ra3 13. Be2 O-O 14. O-O Nxe5 15. Nxe5 Qxe5 16. Qd4 Qa5 17. Qb4 Qa7 18. Bc4 d6 19. Bb3 Be6 20. Bxe6 fxe6 21. Qc4 d5 22. Qc6 Ra6 23. Qd7 c5 24. Qxa7 Rxa7 25. Rfb1 Rfa8 26.
g3 Rxa2 27. Rxa2 Rxa2 28. Rb7 Kf8 29. Rb8+ Kf7 30. Rb7+ Kf6 31. Rc7 c4 32. Kg2 Rc2 33. e4 Rxc3 34. exd5 exd5 35. Rc6+ Ke5 36. Rc7 Rc1 37.
Rxg7 d4 38. Kf3 d3 39. Ke3 Re1+ 40. Kd2 Re2+ 41. Kc3 Rc2+ 42. Kb4 d2 43. Rd7 c3 44.
f4+ Ke6 45. Rd3 Rc1 0-1

[Event "Late-Titled-Tuesday-Blitz-January-30-2024"]
[Site "Chess.com"]
[Date "2024.01.30"]
[Round "1"]
[White "Sandpacer"]
[Black "josmito10"]
[Result "0-1"]
[WhiteElo "2463"]
[BlackElo "2806"]
[TimeControl "180+1"]
[EndTime "14:05:24 PST"]
[Termination "josmito10 won by resignation"]

1. e4 e6 2. d4 d5 3. Nc3 Bb4 4. exd5 exd5 5. Bd3 Nc6 6. Ne2 Nge7 7. O-O Bg4 8. f3 Bh5 9. Bg5 Qd7 10. a3 Ba5 11. Nf4 Bg6 12. Nce2 Bb6 13. c3 f6 14. Nxg6 hxg6 15.
Bf4 g5 16. Bg3 O-O-O 17. Qc2 Kb8 18. b4 f5 19. f4 gxf4 20. Bxf4 g5 21. Bxg5 Rdg8 22.
Bf4 Ng6 23. Bxf5 Nxf4 24. Nxf4 Qd6 25. g3 a6 26. Qg2 Ne7 27. Bd3 c6 28. Rae1 Bc7 29.
Re6 Qd7 30. Rfe1 Nc8 31. Bf5 Bxf4 32. Qf2 Qc7 33. Kg2 Rxh2+ 0-1

[Event "Late-Titled-Tuesday-Blitz-January-30-2024"]
[Site "Chess.com"]
[Date "2024.01.30"]
[Round "1"]
[White "Balla_Tamas"]
[Black "arctic_t00"]
[Result "0-1"]
[WhiteElo "2408"]
[BlackElo "2707"]
[TimeControl "180+1"]
[EndTime "14:05:26 PST"]
[Termination "arctic_t00 won by resignation"]

1. e4 c5 2. c3 e6 3. d4 d5 4. exd5 exd5 5. Nf3 Nc6 6. Bb5 Nf6 7. O-O Be7 8. dxc5 Bxc5 9. Nbd2 O-O 10. Nb3 Bb6 11.
Nbd4 Qd6 12. Bd3 Bg4 13. Nb5 Qd7 14. Bf4 Rfe8 15. Bc2 a6 16. Nbd4 Bxd4 17. cxd4 Bxf3 18. gxf3 Qh3 19. Bg3 h5 20. Re1 h4 21. Be5 Nxe5 22.
dxe5 Nh5 23. Qd4 Rac8 24. Rac1 Re6 25. Qg4 Nf4 26. Qxh3 Nxh3+ 27. Kg2 Nf4+ 28. Kg1 Rec6 0-1

[Event "Late-Titled-Tuesday-Blitz-January-30-2024"]
[Site "Chess.com"]
[Date "2024.01.30"]
[Round "1"]
[White "Hirna2005"]
[Black "Practical-Play"]
[Result "1/2-1/2"]
[WhiteElo "2272"]
[BlackElo "2608"]
[TimeControl "180+1"]
[EndTime "14:05:29 PST"]
[Termination "Game drawn by agreement"]

1. e4 c5 2. c3 Nf6 3. e5 Nd5 4. Nf3 Nc6 5. Bc4 Nb6 6. Bb3 d5 7. exd6 Qxd6 8. O-O Bf5 9. d4 cxd4 10. cxd4 e6 11.
Nc3 Be7 12. d5 exd5 13. Nxd5 Nxd5 14. Qxd5 Qxd5 15. Bxd5 O-O 16. Bf4 Bf6 17. Bxc6 bxc6 18. Be5 Be7 19. Rac1 c5 20. Rfe1 Be6 21. a3 Rfd8 22.
Bc3 Rd5 23. Ne5 Bf8 24. f4 Rad8 25.
Kf2 g6 26. h3 h5 27. g4 hxg4 28. hxg4 Bg7 29. g5 Bxe5 30. Rxe5 Kf8 31. Rce1 Rxe5 32.
Rxe5 Rd5 33. Ke3 Ke7 1/2-1/2

[Event "Late-Titled-Tuesday-Blitz-January-30-2024"]
[Site "Chess.com"]
[Date "2024.01.30"]
[Round "1"]
[White "JaackCamel"]
[Black "Kleyton_Lima"]
[Result "0-1"]
[WhiteElo "2145"]
[BlackElo "2583"]
[TimeControl "180+1"]
[EndTime "14:05:29 PST"]
[Termination "Kleyton_Lima won by resignation"]

1. d4 Nf6 2. c4 e6 3. Nc3 Bb4 4. e3 O-O 5. Bd3 d5 6. Ne2 dxc4 7. Bxc4 c5 8. O-O cxd4 9. exd4 b6 10. a3 Bxc3 11.
Nxc3 Bb7 12. Bg5 h6 13. Bh4 Nbd7 14. Re1 Qc7 15. Qe2 a6 16. Rad1 Rac8 17. Bxa6 Bxa6 18. Qxa6 Qf4 19. Bg3 Qf5 20. Qb7 Qc2 21. Re2 Qb3 22.
Red2 Rfd8 23. Bc7 Re8 24. Bd6 Rc4 25. h3 Nf8 26. Be5 N8h7 27. d5 exd5 28. Nxd5 Rxe5 29. Ne3 Rce4 30. Qb8+ Re8 31. Rd8 Nf8 32. Nf5 Qxd1+ 33. Rxd1 Rxb8 0-1

[Event "Late-Titled-Tuesday-Blitz-January-30-2024"]
[Site "Chess.com"]
[Date "2024.01.30"]
[Round "1"]
[White "Good_Knight_Kiss"]
[Black "SantoBlue"]
[Result "0-1"]
[WhiteElo "2522"]
[BlackElo "2980"]
[TimeControl "180+1"]
[EndTime "14:05:30 PST"]
[Termination "SantoBlue won by resignation"]

1. e4 d6 2. d4 Nf6 3. Nc3 e5 4.
Nf3 Nbd7 5. Bc4 Be7 6. a4 O-O 7. O-O c6 8. Re1 h6 9. b3 Re8 10. Ba3 exd4 11. Nxd4 Ne5 12. Be2 Bf8 13. Qd2 Ng6 14. f3 d5 15. Bxf8 Nxf8 16. exd5 cxd5 17. Bb5 Rxe1+ 18. Rxe1 a6 19. Bd3 Bd7 20. Bf5 Bxf5 21. Nxf5 Ne6 22. Rd1 Rc8 23. Nxd5 Nxd5 24. Qxd5 Qb6+ 25.
Kf1 Rd8 26. Qe5 Rxd1+ 27. Ke2 Qd8 0-1

[Event "Late-Titled-Tuesday-Blitz-January-30-2024"]
[Site "Chess.com"]
[Date "2024.01.30"]
[Round "1"]
[White "Chesstrainer1"]
[Black "Alexander_Donchenko"]
[Result "0-1"]
[WhiteElo "2511"]
[BlackElo "2933"]
[TimeControl "180+1"]
[EndTime "14:05:33 PST"]
[Termination "Alexander_Donchenko won by resignation"]

1. e4 c6 2. d4 d5 3. e5 Bf5 4. h4 h5 5. Bd3 Bxd3 6. Qxd3 Qa5+ 7. Nd2 e6 8. Nf3 Nh6 9. O-O Nf5 10. a4 Be7 11. b3 c5 12. Ba3 Nc6 13. Bxc5 Bxc5 14.
dxc5 Qxc5 15. c4 O-O 16. cxd5 Qxd5 17. Qxd5 exd5 18. Rfd1 Rfe8 19. g3 Rad8 20. Re1 d4 21.
Nc4 d3 22. Rad1 Nb4 23. Re4 Na2 24. Rf4 Nc3 25. Rxd3 Ne2+ 26. Kf1 Nxf4 27. Rxd8 Rxd8 28. gxf4 Rd3 29. Ncd2 Nd4 30. Nxd4 Rxd4 31. Nc4 Rxf4 32. Nd6 Rb4 0-1

[Event "Late-Titled-Tuesday-Blitz-January-30-2024"]
[Site "Chess.com"]
[Date "2024.01.30"]
[Round "1"]
[White "GiorgianBarbosa"]
[Black "sofaceindisguise"]
[Result "0-1"]
[WhiteElo "2461"]
[BlackElo "2790"]
[TimeControl "180+1"]
[EndTime "14:05:35 PST"]
[Termination "sofaceindisguise won on time"]

1. c4 e5 2. g3 c6 3. Bg2 d5 4. cxd5 cxd5 5. d4 e4 6. Nc3 Nc6 7.
Nh3 Bb4 8. O-O Bxc3 9. bxc3 h6 10. f3 exf3 11. exf3 Nge7 12. Nf4 O-O 13. g4 Re8 14. h4 Qc7 15. Qd3 Bd7 16. Nh5 Rac8 17. Bxh6 gxh6 18.
Nf6+ Kg7 19. Qh7+ Kxf6 20. Rae1 Ng6 21. g5+ hxg5 22. hxg5+ Kxg5 23. f4+ Kf6 24. Bxd5 Bf5 25. Re5 Rh8 0-1

[Event "Late-Titled-Tuesday-Blitz-January-30-2024"]
[Site "Chess.com"]
[Date "2024.01.30"]
[Round "1"]
[White "SnekkerAndersen"]
[Black "Walter_White_Poland"]
[Result "1-0"]
[WhiteElo "2621"]
[BlackElo "2300"]
[TimeControl "180+1"]
[EndTime "14:05:36 PST"]
[Termination "SnekkerAndersen won on time"]

1. d4 Nf6 2. c4 c5 3. d5 e6 4.
Nc3 d6 5. Nf3 g6 6. e4 exd5 7.
exd5 Bg7 8. Be2 O-O 9. O-O Na6 10. h3 Nc7 11. Bf4 a6 12. a4 Bf5 13. Re1 Ne4 14. Nxe4 Bxe4 15. Qd2 b5 16. axb5 axb5 17. Rxa8 Nxa8 18. Ng5 Bf5 19. cxb5 Nb6 20. Bf1 Bc8 21. Ne4 Bb7 22. Nxd6 Bxd5 23. Qc2 Qf6 24. Bg3 Qxb2 25. Qxc5 Qd2 26. Re2 Qa5 27. Re8 Rxe8 28. Nxe8 Bf8 29.
Qd4 Qb4 30. Qxb6 Bc5 31. Nf6+ Kg7 32. Nxd5 1-0

[Event "Late-Titled-Tuesday-Blitz-January-30-2024"]
[Site "Chess.com"]
[Date "2024.01.30"]
[Round "1"]
[White "Mackster23"]
[Black "wild3000"]
[Result "1-0"]
[WhiteElo "2660"]
[BlackElo "2361"]
[TimeControl "180+1"]
[EndTime "14:05:37 PST"]
[Termination "Mackster23 won by resignation"]

1. e4 e6 2. d4 a6 3. Nc3 b5 4.
Bd3 Bb7 5. a4 b4 6. Nce2 Nf6 7.
Ng3 h5 8. h4 Be7 9. Nf3 Ng4 10.
Qe2 d6 11. Bd2 a5 12. O-O-O Nd7 13. Ng5 c5 14. f3 Ngf6 15. e5 Nd5 16. exd6 Bxd6 17.
Nf5 Bf8 18. Nxe6 Qf6 19. Nc7+ Kd8 20. Nxa8 Bxa8 21. Bg5 g6 22. Bxf6+ N7xf6 23. Ng3 Bh6+ 24. Kb1 Re8 25. Ne4 Nf4 26. Qf1 N6d5 27. Bb5 Re7 28. dxc5 Kc7 29. Qf2 f5 30. g3 fxe4 31. fxe4 Rxe4 32.
gxf4 Bxf4 33. Rhe1 Ne3 34. Rd7+ Kc8 35. Qxf4 Rxf4 36.
Rxe3 Rf8 37. Ra7 Rf1+ 38. Bxf1 1-0

[Event "Late-Titled-Tuesday-Blitz-January-30-2024"]
[Site "Chess.com"]
[Date "2024.01.30"]
[Round "1"]
[White "LUISMIGUELOV"]
[Black "DefiantChair"]
[Result "0-1"]
[WhiteElo "2180"]
[BlackElo "2591"]
[TimeControl "180+1"]
[EndTime "14:05:37 PST"]
[Termination "DefiantChair won by checkmate"]

1. d4 Nf6 2. c3 d5 3. Bg5 c5 4. e3 Nc6 5. Bxf6 gxf6 6. g3 cxd4 7.
exd4 Bf5 8. Bg2 e6 9. Ne2 h5 10. h4 Bd6 11. Nd2 b5 12. b4 a5 13.
a3 a4 14. Nc1 Qb8 15. Qe2 Bxg3 16. fxg3 Qxg3+ 17. Qf2 Qxc3 18. Bxd5 exd5 19. Qxf5 Qxa1 20.
Qxd5 Qxc1+ 21. Ke2 Nxd4+ 22. Kd3 Qc2+ 23. Ke3 Rd8 24.
Qe4+ Qxe4+ 25. Nxe4 Ke7 26. Nc5 Rhe8 27. Kf4 Ne6+ 28. Nxe6 fxe6 29. Rg1 Rd4+ 30. Ke3 Rxh4 31. Rg3 Rc8 32. Kd3 Rg4 33. Re3 h4 34. Rh3 Rg3+ 35.
Kd4 Rc4# 0-1

[Event "Late-Titled-Tuesday-Blitz-January-30-2024"]
[Site "Chess.com"]
[Date "2024.01.30"]
[Round "1"]
[White "Noki102"]
[Black "GHANDEEVAM2003"]
[Result "0-1"]
[WhiteElo "2528"]
[BlackElo "3034"]
[TimeControl "180+1"]
[EndTime "14:05:39 PST"]
[Termination "GHANDEEVAM2003 won by resignation"]

1. d4 d6 2. Nf3 g6 3. Bf4 Bg7 4. Nc3 Nc6 5. Qd2 Bg4 6. e3 e5 7. Bg3 Bxf3 8. gxf3 exd4 9. exd4 Nxd4 10. O-O-O Nf5 11.
Bb5+ c6 12. Rhe1+ Nge7 13. Ba4 d5 14. Nxd5 Bh6 15. Bf4 Qxd5 16. Qxd5 Bxf4+ 17. Kb1 O-O 18. Qe4 Bxh2 19. Rh1 Bc7 20. Bb3 Rad8 21. Rxd8 Rxd8 22. a3 Kg7 23. Qg4 Be5 24. Re1 Bf6 25. Qc4 Nd5 26. Qg4 h5 27. Qh3 Nd4 28. Bxd5 Rxd5 29. c3 Ne6 30. Rxe6 fxe6 31. Qxe6 Re5 32. Qd7+ Re7 33. Qxb7 Rxb7 0-1

[Event "Late-Titled-Tuesday-Blitz-January-30-2024"]
[Site "Chess.com"]
[Date "2024.01.30"]
[Round "1"]
[White "Azerichess"]
[Black "KnobbedHornbill"]
[Result "1-0"]
[WhiteElo "3075"]
[BlackElo "2536"]
[TimeControl "180+1"]
[EndTime "14:05:40 PST"]
[Termination "Azerichess won by resignation"]

1. d4 d5 2. c4 c6 3. Nf3 Nf6 4. Nc3 dxc4 5. a4 Bf5 6. Ne5 Nbd7 7. Nxc4 Nb6 8. Ne5 a5 9. Rg1 g6 10. g4 Be6 11. e4 Bg7 12. Be3 Nfd7 13. f4 Nxe5 14. dxe5 Nc4 15. Qc1 Nxe3 16. Qxe3 O-O 17. h4 Bb3 18. Be2 Qc7 19. Ra3 Be6 20. h5 Rad8 21.
g5 f6 22. gxf6 exf6 23. hxg6 fxe5 24. f5 Bc8 25. Bc4+ Kh8 26. Rh1 1-0

[Event "Late-Titled-Tuesday-Blitz-January-30-2024"]
[Site "Chess.com"]
[Date "2024.01.30"]
[Round "1"]
[White "Doomfist26"]
[Black "keepitcoming"]
[Result "1-0"]
[WhiteElo "2614"]
[BlackElo "2260"]
[TimeControl "180+1"]
[EndTime "14:05:40 PST"]
[Termination "Doomfist26 won by checkmate"]

1. e4 c6 2. Nc3 d5 3. Qf3 dxe4 4. Nxe4 Nf6 5. Bc4 e6 6. Ne2 Be7 7. d4 O-O 8. Bd2 Nbd7 9. O-O-O b5 10. Bd3 a5 11. g4 Bb7 12. g5 Nd5 13. Rhg1 e5 14.
N2g3 c5 15. dxc5 Nxc5 16. Nxc5 Bxc5 17. Be4 Ra7 18. Be1 Qxg5+ 19. Kb1 Rd8 20. Bxd5 Bxd5 21. Rxd5 Rc8 22. Bc3 f6 23. Rgd1 b4 24. Ne4 Qg6 25.
Rxc5 Rxc5 26. Nxc5 bxc3 27. Rd8+ Kf7 28. Qd5+ Ke7 29. Qd6+ Kf7 30. Rf8# 1-0

[Event "Late-Titled-Tuesday-Blitz-January-30-2024"]
[Site "Chess.com"]
[Date "2024.01.30"]
[Round "1"]
[White "bitter-cikolata"]
[Black "bn1462"]
[Result "1-0"]
[WhiteElo "2548"]
[BlackElo "1954"]
[TimeControl "180+1"]
[EndTime "14:05:40 PST"]
[Termination "bitter-cikolata won by resignation"]

1. e4 c5 2. Nf3 Nc6 3. d4 cxd4 4. Nxd4 Nf6 5. Nc3 e5 6. Ndb5 d6 7. Bg5 a6 8. Na3 b5 9. Nd5 Be7 10. Bxf6 Bxf6 11. c4 b4 12. Nc2 O-O 13. h4 a5 14.
g3 g6 15. Bh3 Bg7 16. Kf1 f5 17.
Kg2 fxe4 18. Bxc8 Rxc8 19. h5 Qg5 20. hxg6 hxg6 21. Nde3 Nd4 22. b3 Rf7 23. Qd2 Rcf8 24. Raf1 Rf3 25. Rh4 R3f7 26. Rxe4 Nf3 27. Qd5 Nd4 28.
Nxd4 exd4 29. Qxg5 dxe3 30. Qxe3 1-0

[Event "Late-Titled-Tuesday-Blitz-January-30-2024"]
[Site "Chess.com"]
[Date "2024.01.30"]
[Round "1"]
[White "Kostukov_Alex"]
[Black "chucksterf10"]
[Result "0-1"]
[WhiteElo "2301"]
[BlackElo "2623"]
[TimeControl "180+1"]
[EndTime "14:05:42 PST"]
[Termination "chucksterf10 won by resignation"]

1. g3 e5 2. Bg2 f5 3. c4 Nf6 4. d4 e4 5. Nc3 c6 6. Nh3 Be7 7. Bg5 O-O 8. O-O d6 9. d5 Nbd7 10. f3 exf3 11. exf3 Ne5 12. b3 h6 13. Be3 c5 14. Nf4 Re8 15. h3 Bf8 16. Qd2 Qa5 17. Ne4 Qd8 18. Nxf6+ Qxf6 19. Rad1 a6 20. Rfe1 b5 21.
Qc2 Bd7 22. Ne6 Rab8 23. f4 Nf7 24. Bc1 Bxe6 25. dxe6 Rxe6 26. Bd5 Rxe1+ 27. Rxe1 bxc4 28. bxc4 Kh8 29. Re6 Qd4+ 30. Be3 Qa1+ 31. Bc1 Nd8 32. Re7 Bxe7 0-1

[Event "Late-Titled-Tuesday-Blitz-January-30-2024"]
[Site "Chess.com"]
[Date "2024.01.30"]
[Round "1"]
[White "WindWhistler11"]
[Black "KaydenTroffChess"]
[Result "0-1"]
[WhiteElo "2477"]
[BlackElo "2848"]
[TimeControl "180+1"]
[EndTime "14:05:43 PST"]
[Termination "KaydenTroffChess won by resignation"]

1. Nf3 Nf6 2. g3 g6 3. d3 Bg7 4. Nbd2 d5 5. e4 dxe4 6. dxe4 Be6 7. Ng5 Bg4 8. f3 Bc8 9. Bc4 e6 10. Qe2 h6 11. Nh3 Nc6 12. c3 O-O 13. Nf2 a5 14. Nf1 Ne5 15. Bb3 b6 16. f4 Ba6 17. c4 Nc6 18. Be3 Nd4 19. Bxd4 Qxd4 20. Rd1 Qc5 21. Nd3 Qc6 22. Ne5 Qxe4 23. Qxe4 Nxe4 24. Rd7 Rac8 25.
Ne3 Nc5 26. Rd2 Rfd8 27. Rxd8+ Rxd8 28. Ke2 Bxe5 29. fxe5 Rd4 30. Rd1 Re4 31. Kd2 h5 0-1

[Event "Late-Titled-Tuesday-Blitz-January-30-2024"]
[Site "Chess.com"]
[Date "2024.01.30"]
[Round "1"]
[White "ElCoachRene"]
[Black "guillembaches"]
[Result "0-1"]
[WhiteElo "1945"]
[BlackElo "2547"]
[TimeControl "180+1"]
[EndTime "14:05:43 PST"]
[Termination "guillembaches won on time"]

1. Nf3 d5 2. d4 Nf6 3. Bf4 e6 4.
e3 c5 5. c3 Nc6 6. Nbd2 cxd4 7.
exd4 Nh5 8. Be5 f6 9. Bg3 g6 10. Bd3 Bg7 11. Qe2 O-O 12. O-O-O Nxg3 13. hxg3 e5 14. Rxh7 Kxh7 15. Ng5+ fxg5 16. Qh5+ Kg8 17. Bxg6 Rxf2 18. Nf3 Qb6 19. Bh7+ Kf8 20. Bc2 Bf5 21. Nxg5 Rxc2+ 0-1

[Event "Late-Titled-Tuesday-Blitz-January-30-2024"]
[Site "Chess.com"]
[Date "2024.01.30"]
[Round "1"]
[White "ljm509"]
[Black "GM4life"]
[Result "0-1"]
[WhiteElo "2018"]
[BlackElo "2553"]
[TimeControl "180+1"]
[EndTime "14:05:45 PST"]
[Termination "GM4life won on time"]

1. e4 Nc6 2. Nf3 d6 3. d4 Nf6 4.
Nc3 g6 5. d5 Nb8 6. h3 Bg7 7. Bf4 O-O 8. Qd2 c6 9. O-O-O cxd5 10.
exd5 a6 11. Kb1 b5 12. Bh6 b4 13. Bxg7 Kxg7 14. Na4 a5 15. Qd4 Nd7 16. g4 Kg8 17. h4 Ne5 18. Nxe5 dxe5 19. Qxe5 Bxg4 20. Be2 Qd6 21.
Qxd6 exd6 22. Rhe1 Rfe8 23. Bxg4 Nxg4 24. Nb6 Rad8 25.
f3 Ne3 26. Rd3 Nxd5 27. Rxe8+ Rxe8 0-1

[Event "Late-Titled-Tuesday-Blitz-January-30-2024"]
[Site "Chess.com"]
[Date "2024.01.30"]
[Round "1"]
[White "crescentmoon2411"]
[Black "joksijoksi"]
[Result "1-0"]
[WhiteElo "3012"]
[BlackElo "2525"]
[TimeControl "180+1"]
[EndTime "14:05:46 PST"]
[Termination "crescentmoon2411 won by resignation"]

1. d4 d5 2. Nf3 Nf6 3. c4 c6 4.
Nc3 dxc4 5. a4 Bf5 6. Ne5 e6 7. f3 Bb4 8. Kf2 O-O 9. e4 Bg6 10. Be3 Bxc3 11. bxc3 b5 12. h4 h5 13. Kg1 Bh7 14. g4 hxg4 15. h5 Nbd7 16. Nxc6 Qc7 17. Ne7+ Kh8 18. e5 Nxe5 19. dxe5 Qxe5 20. Bd4 Qg3+ 21. Bg2 Rad8 22. Qe1 Qf4 23. Qe5 Rxd4 24. Qxd4 Qg5 25. f4 Qh6 26. axb5 g3 27. Bf3 Nd5 28. Nxd5 exd5 29. Kg2 Re8 30. Rhe1 Be4 31. Bxe4 dxe4 32.
Rxe4 Rxe4 33. Qxe4 Qxh5 34. Rh1 1-0

[Event "Late-Titled-Tuesday-Blitz-January-30-2024"]
[Site "Chess.com"]
[Date "2024.01.30"]
[Round "1"]
[White "LittleChessFan"]
[Black "wadsy27"]
[Result "0-1"]
[WhiteElo "2258"]
[BlackElo "2609"]
[TimeControl "180+1"]
[EndTime "14:05:47 PST"]
[Termination "wadsy27 won by resignation"]

1. d4 Nf6 2. c4 c5 3. d5 e6 4.
Nc3 exd5 5. cxd5 d6 6. g3 g6 7. Bg2 Bg7 8. Nf3 O-O 9. O-O Re8 10. Bf4 h6 11. Nd2 g5 12. Be3 Ng4 13. Nc4 a6 14. a4 Nxe3 15. fxe3 Qc7 16. e4 Nd7 17. a5 Ne5 18.
Nb6 Rb8 19. h3 Bd7 20. Kh2 Re7 21. e3 Rbe8 22. Qd2 g4 23. h4 Bb5 24. Nxb5 axb5 25. Qe2 c4 26. b3 Nf3+ 27. Kh1 Bxa1 28. Rxa1 Rxe4 29. bxc4 Rxe3 30. Qc2 Re1+ 31. Bf1 Rxa1 0-1

[Event "Late-Titled-Tuesday-Blitz-January-30-2024"]
[Site "Chess.com"]
[Date "2024.01.30"]
[Round "1"]
[White "mightysmasher"]
[Black "stregachess"]
[Result "1-0"]
[WhiteElo "2573"]
[BlackElo "2124"]
[TimeControl "180+1"]
[EndTime "14:05:47 PST"]
[Termination "mightysmasher won by resignation"]

1. e4 c5 2. c3 d5 3. exd5 Qxd5 4. d4 cxd4 5. cxd4 e6 6. Nc3 Bb4 7. Nf3 Nd7 8. Bd2 Bxc3 9. bxc3 b6 10. Bd3 Bb7 11.
O-O Ngf6 12. Re1 O-O 13. a4 Rac8 14. Rb1 Qh5 15. Ne5 Qxd1 16. Rbxd1 Rfd8 17. Nxd7 Rxd7 18. Rb1 Bd5 19. a5 Rb8 20. Bf4 Rc8 21. axb6 axb6 22. Rxb6 Rdd8 23. Bd2 Bc4 24. Bxc4 Rxc4 25. Reb1 h6 26. Rb8 Rxb8 27. Rxb8+ Kh7 28. f3 Nd5 29. Rb3 Kg6 30. Kf2 f5 31. Ke2 Kf6 32. Kd3 Ra4 33. c4 Ne7 34. Bc3 Ra2 35. d5+ Kf7 36. d6 Nc6 37. Rb7+ Ke8 38. Rxg7 e5 39. c5 h5 40.
Kc4 Rc2 41. Kd5 Nd8 42. Bxe5 1-0

[Event "Late-Titled-Tuesday-Blitz-January-30-2024"]
[Site "Chess.com"]
[Date "2024.01.30"]
[Round "1"]
[White "ploddingpawn"]
[Black "Lennis93"]
[Result "1-0"]
[WhiteElo "2440"]
[BlackElo "2700"]
[TimeControl "180+1"]
[EndTime "14:05:48 PST"]
[Termination "ploddingpawn won by resignation"]

1. d4 Nf6 2. Bf4 d6 3. Nc3 g6 4.
e4 Bg7 5. Qd2 h6 6. O-O-O a6 7.
Bd3 g5 8. Bg3 Nh5 9. Nge2 Nc6 10. e5 dxe5 11. Bxe5 Nxe5 12. dxe5 Be6 13. Qe3 Qc8 14.
h3 c5 15. g4 Nf4 16. Nxf4 gxf4 17. Qxf4 Qc7 18. Rhe1 h5 19. Kb1 hxg4 20. hxg4 O-O-O 21.
Bf5 Bxf5 22. Qxf5+ e6 23. Qf4 Rxd1+ 24. Nxd1 Kb8 25.
Nc3 Qc6 26. Qg5 Rh7 27. a3 Ka7 28. f4 Qd7 29. Rd1 Qc6 30. Qe7 Rh2 31. Ne4 Kb6 32. Rd6 1-0

[Event "Late-Titled-Tuesday-Blitz-January-30-2024"]
[Site "Chess.com"]
[Date "2024.01.30"]
[Round "1"]
[White "dmitrijiIM"]
[Black "Alimpic"]
[Result "1-0"]
[WhiteElo "2905"]
[BlackElo "2501"]
[TimeControl "180+1"]
[EndTime "14:05:53 PST"]
[Termination "dmitrijiIM won by resignation"]

1. d4 d5 2. c4 e6 3. Nc3 c6 4. cxd5 exd5 5. Bf4 Bd6 6. Bxd6 Qxd6 7. e3 Ne7 8. Qf3 O-O 9. Bd3 Nd7 10. Nge2 Nf6 11. h3 a5 12. O-O Re8 13. Rfd1 g6 14. Ng3 Kg7 15. e4 dxe4 16. Ncxe4 Nxe4 17. Nxe4 Qd5 18. Qf6+ Kg8 19. Bc4 Qxc4 20. Nd6 Qe6 21. Nxe8 Qxf6 22. Nxf6+ Kg7 23. Ne4 Nd5 24. Nd6 a4 25. Re1 Bf5 26. Nxb7 Rb8 27. Nc5 Rxb2 28. Nxa4 Nf4 29. Nxb2 1-0